 Dungeon Crawl Stone Soup version 0.29.1-15-g9cfb28693d (webtiles) character file.

Game seed: 17833534336152566790

6 BigOldBarry the Insei (level 1, 0/13 HPs)
             Began as an Octopode Transmuter on Mar 18, 2023.
             Slain by a quokka (4 damage)
             ... on level 1 of the Dungeon.
             The game lasted 00:00:55 (82 turns).

BigOldBarry the Insei (Octopode Transmuter)           Turns: 82, Time: 00:00:55

Health: 0/13       AC:  1    Str:  9    XL:     1   Next: 90%
Magic:  3/3        EV: 13    Int: 15    God:
Gold:   0          SH:  0    Dex: 12    Spells: 3/4 levels left

rFire   . . .      SeeInvis .     - Unarmed
rCold   . . .      Faith    .   (no shield)
rNeg    . . .      Spirit   .   (helmet restricted)
rPois   .          Reflect  .   (no amulet)
rElec   .          Harm     .   (no ring)
rCorr   .          Rampage  .   (no ring)
Will    .....                   (no ring)
Stlth   ++........              (no ring)
HPRegen 0.04/turn               (no ring)
MPRegen 0.08/turn               (no ring)
                                (no ring)
                                (no ring)

@: no status effects
A: almost no armour, amphibious, 8 rings, camouflage 1, gelatinous body 1,
(nimble swimmer 1), tentacles
a: no special abilities


You were on level 1 of the Dungeon.
You visited 1 branch of the dungeon, and saw 1 of its levels.

Inventory:

Hand Weapons
 c - a +0 dagger
 d - a +0 hand axe
Scrolls
 b - a scroll of poison {unknown}
Potions
 a - a potion of lignification


   Skills:
 + Level 1.0 Fighting
 + Level 2.1 Dodging
 + Level 3.2 Unarmed Combat
 + Level 2.0 Spellcasting
 + Level 2.0 Transmutations


You had 3 spell levels left.
You knew the following spells:

 Your Spells              Type           Power      Damage    Failure   Level
a - Beastly Appendage     Tmut           14%        N/A       10%         1

Your spell library contained the following spells:

 Spells                   Type           Power      Damage    Failure   Level
 Wereblood                Tmut           7%         N/A       14%         2
 Spider Form              Tmut/Pois      4%         N/A       41%         3
 Ice Form                 Ice/Tmut       4%         N/A       82%         4


Dungeon Overview and Level Annotations

Branches:
Dungeon (1/15)

Altars:


Innate Abilities, Weirdness & Mutations

You cannot wear most types of armour.
You are amphibious.
You can wear up to eight rings at the same time.
Your skin changes colour to match your surroundings (Stealth+).
Your rubbery body absorbs attacks. (AC +1, EV +1)
((You are camouflaged when in or above water. (Stealth+)))
You have tentacles for arms and can constrict up to eight enemies at once.


Message History

You closely miss the hobgoblin. Your grab misses the hobgoblin.
You squeeze the hobgoblin.
You kill the hobgoblin!
You barely miss the kobold. You grab the kobold. You squeeze the kobold.
You kill the kobold!
You tentacle-slap the dart slug. You grab the dart slug.
You squeeze the dart slug.
The dart slug is almost dead.
You constrict the dart slug, but do no damage.
The dart slug launches a dart at you. The slug dart misses you.
You tentacle-slap the dart slug.
You kill the dart slug!
Items here: ( ) ††.
Items here: ( ) ††.
c - a +0 dagger You see here a +0 hand axe.
d - a +0 hand axe A rat is nearby!
A rat is nearby!
Things that are here:
3 stones; a kobold corpse; a hobgoblin corpse A quokka comes into view.
You see here 5 gold pieces.
You tentacle-slap the rat but do no damage.
Your grab misses the rat.
You tentacle-slap the rat but do no damage.
Your grab misses the rat. The rat closely misses you.
You tentacle-slap the rat.
You kill the rat!
The quokka bites you.
You tentacle-slap the quokka but do no damage.
You grab the quokka.
You constrict the quokka, but do no damage.
The quokka bites you.
You tentacle-slap the quokka.
The quokka is almost dead.
You constrict the quokka, but do no damage.
The quokka barely misses you. The quokka bites you.
You die...

#.#.####.#.#
#.#......#
#.########
###+####........
#.........######
#.........#######..#
#.........(........#
#........###...#####
#....†@$.# #.###
#.....r..# #.#
#............#
#............#
#####........#
.........#
..........#
...........#


You could see a quokka.

Vanquished Creatures
  A dart slug (D:1)
  A hobgoblin (D:1)
  A kobold (D:1)
  A rat (D:1)
4 creatures vanquished.

Notes
Turn   | Place    | Note
-------+----------+-------------------------------------------
     0 | D:1      | BigOldBarry the Octopode Transmuter began the quest for the
                  | Orb.
     0 | D:1      | Reached XP level 1. HP: 13/13 MP: 3/3
    82 | D:1      | Slain by a quokka

Illustrated notes

Levels and vault maps discovered:
D:1:      zelgadis_glass_arrival_small, layout_basic,
          dreamdust_princess_corridor

Action                   || total
-------------------------++-------
Melee: Unarmed           ||     9
       Constrict         ||     3
       Tentacles         ||     3
Dodge: Dodged            ||     5
